 Dungeon Crawl Stone Soup version 0.29.1-2-gbd0b4ee654 (webtiles) character file.

Game seed: 6526614835395370294

10 jamesblauser the Magician (level 2, -2/19 HPs)
             Began as a Demonspawn Hedge Wizard on Nov 6, 2022.
             Slain by a goblin
             ... wielding a +0 dagger
              (3 damage)
             ... on level 1 of the Dungeon.
             The game lasted 00:04:16 (600 turns).

jamesblauser the Magician (Demonspawn Hedge Wizard)  Turns: 600, Time: 00:04:17

Health: -2/19      AC:  3    Str: 10    XL:     2   Next: 10%
Magic:  2/6        EV: 12    Int: 15    God:
Gold:   17         SH:  0    Dex: 12    Spells: 6/7 levels left

rFire   . . .      SeeInvis .   a - +0 dagger
rCold   . . .      Faith    .   (no shield)
rNeg    . . .      Spirit   .   b - +0 robe
rPois   .          Reflect  .   c - +0 hat
rElec   .          Harm     .   (no cloak)
rCorr   .          Rampage  .   (no gloves)
Will    .....                   (no boots)
Stlth   ++........              (no amulet)
HPRegen 0.06/turn               (no ring)
MPRegen 0.10/turn               (no ring)

@: no status effects
A: sharp scales 1
a: no special abilities


You were on level 1 of the Dungeon.
You visited 1 branch of the dungeon, and saw 1 of its levels.

You collected 17 gold pieces.

Inventory:

Hand Weapons
 a - a +0 dagger (weapon)
Armour
 b - a +0 robe (worn)
 c - a +0 hat (worn)
Potions
 d - a potion of magic
 e - a potion of haste


   Skills:
 + Level 1.9 Dodging
 + Level 1.9 Stealth
 + Level 3.3 Spellcasting
 + Level 1.0 Conjurations
 + Level 1.0 Summonings
 + Level 0.8 Translocations


You had 6 spell levels left.
You knew the following spells:

 Your Spells              Type           Power      Damage    Failure   Level
a - Magic Dart            Conj           20%        1d4       13%         1

Your spell library contained the following spells:

 Spells                   Type           Power      Damage    Failure   Level
 Slow                     Hex            8%         N/A       19%         1
 Call Imp                 Summ           5%         N/A       19%         2
 Blink                    Tloc           10%        N/A       21%         2
 Conjure Flame            Conj/Fire      4%         6-21      43%         3
 Mephitic Cloud           Conj/Pois/Air  3%         N/A       45%         3


Dungeon Overview and Level Annotations

Branches:
Dungeon (1/15)

Altars:


Innate Abilities, Weirdness & Mutations

You are partially covered in razor-sharp scales. (AC +1, Slay +1)


Message History

The magic dart hits the goblin.
The goblin is severely wounded.
You don't have enough magic to cast this spell.
You don't have enough magic to cast this spell.
A hobgoblin comes into view.
Found a hand axe.
The hobgoblin shouts!
The hobgoblin moves out of view.
A rat comes into view.
The goblin hits you with a +0 dagger. The hobgoblin hits you.
You hit the hobgoblin.
The hobgoblin is heavily wounded.
The goblin hits you with a +0 dagger. The hobgoblin barely misses you.
You hit the hobgoblin but do no damage.
The hobgoblin is heavily wounded.
The goblin hits you with a +0 dagger. The hobgoblin closely misses you.
You closely miss the hobgoblin.
The hobgoblin is heavily wounded.
The hobgoblin hits you. The goblin hits you with a +0 dagger.
The hobgoblin closely misses you.
You hit the hobgoblin but do no damage.
The hobgoblin is heavily wounded.
The hobgoblin closely misses you. The goblin barely misses you.
The hobgoblin barely misses you.
Found 6 gold pieces.
The hobgoblin hits you.
* * * LOW HITPOINT WARNING * * *
The hobgoblin barely misses you. The hobgoblin barely misses you.
The rat barely misses you. The hobgoblin attacks as you move away!
The hobgoblin misses you. The goblin attacks as you move away!
The goblin barely misses you. The rat closely misses you.
The rat attacks as you move away! The rat bites you.
* * * LOW HITPOINT WARNING * * *
The goblin attacks as you move away! The goblin hits you with a +0 dagger.
* * * LOW HITPOINT WARNING * * *
The rat attacks as you move away! The rat barely misses you.
The rat attacks as you move away! The rat barely misses you.
The hobgoblin attacks as you move away! The hobgoblin barely misses you.
The goblin attacks as you move away! The goblin hits you with a +0 dagger.
You die...

# #...........
####...........
.....8....._..∩
....#..........
....+..........
....#∩..∩.....∩
......gJ.......
......rgg..$...
.....8.@♣..∩..♣
#####.#####.###
#. .# #. # #.


You could see an endoplasm, 2 hobgoblins, a goblin and a rat.

Vanquished Creatures
  2 bats (D:1)
  A kobold (D:1)
  4 quokkas (D:1)
  A rat (D:1)
8 creatures vanquished.

Vanquished Creatures (others)
  4 toadstools (D:1)
4 creatures vanquished.

Grand Total: 12 creatures vanquished

Notes
Turn   | Place    | Note
-------+----------+-------------------------------------------
     0 | D:1      | jamesblauser the Demonspawn Hedge Wizard began the quest
                  | for the Orb.
     0 | D:1      | Reached XP level 1. HP: 13/13 MP: 4/4
   462 | D:1      | Gained mutation: You are partially covered in razor-sharp
                  | scales. (AC +1, Slay +1) [demonic ancestry]
   462 | D:1      | Reached XP level 2. HP: 12/19 MP: 0/6
   576 | D:1      | Found a faded altar of an unknown god.
   600 | D:1      | Slain by a goblin

Illustrated notes

Levels and vault maps discovered:
D:1:      ldierk_walled_garden_2, layout_basic,
          hellmonk_ecumenical_altar_arch_garden

Action                   || total
-------------------------++-------
Melee: Dagger            ||    11
 Cast: Magic Dart        ||    22
  Use: Scroll            ||     2
Armor: Robe              ||     2
Dodge: Dodged            ||    19
